 Dungeon Crawl Stone Soup version 0.27.1-37-g7b29ead8ac (webtiles) character file.

Game seed: 18195081936153978761

1309 cbfl8 the Chopper (level 8, -8/67 HPs)
             Began as a Minotaur Fighter on Apr 30, 2023.
             Mangled by a two-headed ogre (21 damage)
             ... on level 5 of the Dungeon.
             The game lasted 00:09:23 (5523 turns).

cbfl8 the Chopper (Minotaur Fighter)                Turns: 5523, Time: 00:09:24

Health: -8/67      AC: 11    Str: 20    XL:     8   Next: 32%
Magic:  9/9        EV:  7    Int:  5    God:
Gold:   174        SH:  0    Dex: 13    Spells: 7/7 levels left

rFire    . . .     SeeInvis .   a - +1 war axe
rCold    . . .     Faith    +   c - +0 kite shield
rNeg     . . .     Spirit   .   r - +0 chain mail
rPois    .         Reflect  .   (helmet restricted)
rElec    .         Harm     .   (no cloak)
rCorr    .         Rampage  .   (no gloves)
Will     .....                  b - +0 pair of boots
Stlth    ..........             q - amulet of faith
HPRegen  0.21/turn              (no ring)
MPRegen  0.11/turn              (no ring)

@: confused, ambrosia-drunk
A: horns 2, retaliatory headbutt
a: no special abilities


You were on level 5 of the Dungeon.
You visited 1 branch of the dungeon, and saw 5 of its levels.
You also visited: Ossuary.

You collected 174 gold pieces.

Inventory:

Hand Weapons
 a - a +1 war axe (weapon)
Armour
 b - a +0 pair of boots (worn)
 c - a +0 kite shield (worn)
 r - a +0 chain mail (worn)
Jewellery
 q - an amulet of faith (around neck)
Wands
 n - a wand of polymorph (14)
Scrolls
 d - a scroll of teleportation {unknown}
 e - a scroll of magic mapping
 g - 3 scrolls of identify {unknown}
 k - 2 scrolls of summoning {unknown}
 m - a scroll of enchant armour {unknown}
 p - a scroll of fear {unknown}
 s - a scroll of fog
Potions
 f - a potion of flight
 h - a potion of ambrosia
 i - a potion of degeneration {unknown}
 j - a potion of haste {unknown}
 l - a potion of brilliance
 o - 2 potions of lignification {unknown}


   Skills:
 + Level 4.7 Fighting
 + Level 6.4 Axes
 + Level 5.5 Armour
 * Level 4.3 Dodging
 + Level 1.0 Stealth
 + Level 5.0 Shields
 * Level 3.9 Invocations
 * Level 3.0 Evocations


You had 7 spell levels left.
You didn't know any spells.
Your spell library contained the following spells:

 Spells                   Type           Power      Damage    Failure   Level
 Passwall                 Tmut/Erth      0%         N/A       100%        2
 Swiftness                Air            0%         N/A       100%        3
 Summon Forest            Summ/Tloc      0%         N/A       100%        5
 Summon Mana Viper        Hex/Summ       0%         N/A       100%        5
 Invisibility             Hex            0%         N/A       100%        6
 Shadow Creatures         Summ           N/A        N/A       100%        6


Dungeon Overview and Level Annotations

Branches:
Dungeon (5/15)            Ossuary (visited)
 Temple: D:4-7

Altars:
Dithmenos
Gozag
Okawaru
Ru


Innate Abilities, Weirdness & Mutations

You have a pair of horns on your head.
You reflexively headbutt those who attack you in melee.


Message History

No target in view!
You start waiting.
Your transformation is almost over.
You start waiting.
You feel less wooden.
Your +0 pair of boots unmelds from your body.
Your +0 chain mail unmelds from your body.
n - a wand of polymorph (14) (gained 8 charges)
Things that are here:
a +0 club; a +0 ring mail
Found a stone staircase leading up.
No target in view!
There is a stone staircase leading up here.
A two-headed ogre comes into view.
It is wielding a +0 giant club and a +0 giant spiked club.
The two-headed ogre shouts in stereo!
You slash the two-headed ogre!
The two-headed ogre is lightly wounded.
You block the two-headed ogre's attack.
The two-headed ogre hits you with a +0 giant spiked club!
A two-headed ogre is nearby!
You barely miss the two-headed ogre. You headbutt the two-headed ogre.
The two-headed ogre is moderately wounded.
You block the two-headed ogre's attack.
The two-headed ogre hits you with a +0 giant spiked club!
A two-headed ogre is nearby!
You slash the two-headed ogre! You headbutt the two-headed ogre!
The two-headed ogre is heavily wounded.
The two-headed ogre completely misses you.
You furiously retaliate!
You headbutt the two-headed ogre, but do no damage.
The two-headed ogre hits you with a +0 giant spiked club!!
* * * LOW HITPOINT WARNING * * *
Okay, then.
It was a potion of ambrosia.
You are confused.
You feel invigorated.
The two-headed ogre hits you with a +0 giant club.
* * * LOW HITPOINT WARNING * * *
The two-headed ogre hits you with a +0 giant spiked club!!
You die...

#.........................#
#............)............#
################..........#
#..#####..#######
###................
#.#.######...###### ###########
#......# #......... ...........
#O# #......... ##......... #@#
####......... #......... #<#
#........#### ##......... #.#
#........# .......#########.#
#........## .................#
#.........# ........########.#
####'####.# ........#
#.#.####.####..#
........########.#..........#.#
...........).....######.#.### .


You could see a two-headed ogre.

Vanquished Creatures
  Eustachio (D:5)
  4 scorpions
  4 water moccasin zombies (Ossuary)
  A wyvern skeleton (D:5)
  A water moccasin skeleton (D:4)
  A howler monkey (D:4)
  An orc priest (D:5)
  2 hounds
  A bullfrog skeleton (D:5)
  An iguana (D:4)
  Natasha (thrice) (D:2)
  A scorpion zombie (D:3)
  Ijyb (D:5)
  A hound zombie (D:5)
  2 hound skeletons
  2 mummies (Ossuary)
  Robin (D:3)
  A howler monkey zombie (D:5)
  3 adders
  3 gnolls
  10 adder zombies (Ossuary)
  3 dart slugs
  9 orcs
  5 bats
  8 endoplasms
  3 giant cockroaches
  11 goblins
  10 hobgoblins
  7 jackals
  2 quokkas
  3 ball pythons
  3 frilled lizards
  6 hobgoblin zombies (Ossuary)
  7 kobolds
  4 kobold zombies (Ossuary)
  3 orc zombies (Ossuary)
  4 rats
133 creatures vanquished.

Notes
Turn   | Place    | Note
-------+----------+-------------------------------------------
     0 | D:1      | cbfl8 the Minotaur Fighter began the quest for the Orb.
     0 | D:1      | Reached XP level 1. HP: 19/19 MP: 0/0
    43 | D:1      | Reached XP level 2. HP: 15/26 MP: 1/1
   250 | D:1      | Reached skill level 3 in Axes
   826 | D:1      | Reached XP level 3. HP: 33/33 MP: 2/2
  1218 | D:2      | Reached skill level 1 in Dodging
  1279 | D:2      | Noticed Natasha
  1281 | D:2      | Killed Natasha
  1286 | D:2      | Found a sacrificial altar of Ru.
  1287 | D:2      | Noticed Natasha
  1297 | D:2      | Killed Natasha
  1298 | D:2      | Reached skill level 1 in Invocations
  1298 | D:2      | Reached XP level 4. HP: 33/40 MP: 2/4
  1330 | D:2      | Noticed Natasha
  1339 | D:2      | Killed Natasha
  1846 | D:3      | Reached XP level 5. HP: 46/46 MP: 5/5
  1890 | D:3      | Noticed Robin
  1899 | D:3      | Killed Robin
  1920 | D:3      | Reached skill level 1 in Evocations
  2721 | D:4      | Found a shadowy altar of Dithmenos.
  2765 | D:4      | Reached skill level 4 in Axes
  2765 | D:4      | Reached XP level 6. HP: 35/52 MP: 6/6
  2921 | D:4      | Reached skill level 1 in Stealth
  2938 | D:4      | HP: 1/52 [iguana (12)]
  3066 | D:5      | Entered Level 5 of the Dungeon
  3084 | D:4      | Reached XP level 7. HP: 19/59 MP: 8/8
  3133 | D:4      | Reached skill level 5 in Axes
  3133 | D:4      | Found a sand-covered staircase.
  3140 | Ossuary  | Entered an ossuary
  3663 | Ossuary  | Reached skill level 5 in Armour
  4727 | D:4      | Found an iron altar of Okawaru.
  4737 | D:4      | Found an opulent altar of Gozag.
  4810 | D:5      | Reached skill level 6 in Axes
  4943 | D:5      | Reached XP level 8. HP: 60/67 MP: 9/9
  5106 | D:5      | Identified the +9 whip "Inoucvyna" {flame, Dex+4}
  5150 | D:5      | Noticed Eustachio
  5176 | D:5      | Killed Eustachio
  5478 | D:5      | Noticed Ijyb
  5488 | D:5      | Killed Ijyb
  5489 | D:5      | Reached skill level 5 in Shields
  5518 | D:5      | Noticed a two-headed ogre
  5523 | D:5      | Mangled by a two-headed ogre

Illustrated notes

Levels and vault maps discovered:
D:1:      matt_arrival_grand_opening, layout_basic, st_stairs_3, minivault_19
D:2:      layout_basic, basic_altar, uniq_natasha
D:3:      layout_loops_ring, uniq_robin
D:4:      layout_basic, lemuel_crystal_altar, amethyst_overflow_temple_binary,
          nicolae_ossuary_entry_plus
D:5:      layout_basic, uniq_eustachio, uniq_ijyb

Skill      XL: |  1  2  3  4  5  6  7  8 |
---------------+-------------------------+-----
Axes           | 3 4 6 |  6.4
Shields        | 4 5 |  5.0
Dodging        | 1 2 4 |  4.3
Invocations    | 1 2 3 |  3.9
Armour         | 4 5 |  5.5
Evocations     | 1 2 3 |  3.0
Fighting       | 4 |  4.7
Stealth        | 1 |  1.0

Action                   |  1- 3 |  4- 6 |  7- 9 || total
-------------------------+-------+-------+-------++-------
Melee: War axe           |    77 |   132 |   157 ||   366
       Headbutt          |     8 |    22 |    27 ||    57
Evoke: Wand              |       |     5 |     3 ||     8
  Use: Scroll            |       |     6 |       ||     6
       Potion            |       |     5 |     2 ||     7
Armor: Scale mail        |    30 |    51 |    34 ||   115
       Chain mail        |       |       |    32 ||    32
       Skin              |       |       |     2 ||     2
Dodge: Dodged            |    15 |    47 |    44 ||   106
Block: Kite shield       |    48 |    87 |    85 ||   220
